 Dungeon Crawl Stone Soup version 0.25.1-8-g42b30a86e7 (webtiles) character file.

Game seed: 7025512831781081583

1042 pokeman the Thaumaturge (level 8, -3/43 HPs)
             Began as a Deep Elf Wizard on Dec 20, 2020.
             Was an Initiate of Vehumet.
             Slain by an ogre
             ... wielding a +0 giant club
              (23 damage)
             ... on level 6 of the Dungeon.
             The game lasted 00:13:05 (5756 turns).

pokeman the Thaumaturge (Deep Elf Wizard)           Turns: 5756, Time: 00:13:06

Health: -3/43      AC:  5    Str:  4      XL:     8   Next: 4%
Magic:  19/23      EV: 12    Int: 32      God:    Vehumet [......]
Gold:   268        SH:  0    Dex: 12 (13) Spells: 14/25 levels left

rFire    . . .     SeeInvis +   c - -1 dagger (curse)
rCold    . . .     Gourm    .   (no shield)
rNeg     . . .     Faith    .   p - +0 leather armour (curse)
rPois    .         Spirit   .   x - +0 helmet
rElec    .         Reflect  .   (no cloak)
rCorr    .         Harm     .   (no gloves)
MR       .....                  w - +0 pair of boots
Stlth    ++........             (no amulet)
HPRegen  0.14/turn              f - ring of see invisible
MPRegen  0.18/turn              h - +6 ring of intelligence

@: no status effects
A: no striking features
a: Renounce Religion


You were on level 6 of the Dungeon.
You worshipped Vehumet.
Vehumet was noncommittal.
You were not hungry.

You visited 2 branches of the dungeon, and saw 7 of its levels.

You collected 268 gold pieces.

Inventory:

Hand Weapons
 c - a cursed -1 dagger (weapon)
 q - a +2 dagger of speed
 A - a +0 shortbow
Missiles
 n - 53 bolts
 B - 60 arrows
Armour
 p - a cursed +0 leather armour (worn)
 u - a +0 tower shield
 w - a +0 pair of boots (worn)
 x - a +0 helmet (worn)
Jewellery
 f - a ring of see invisible (left hand)
 h - a +6 ring of intelligence (right hand)
 v - an uncursed ring of flight
Wands
 t - a wand of iceblast (9)
Scrolls
 a - a scroll of enchant armour {unknown}
 b - 2 scrolls of fog {unknown}
 e - 4 scrolls of remove curse {unknown}
 g - 9 scrolls of identify {unknown}
 k - 3 scrolls of teleportation {unknown}
 l - a scroll of immolation {unknown}
 r - a scroll of amnesia {unknown}
 s - a scroll of magic mapping {unknown}
 y - a scroll of fear {unknown}
Potions
 i - 3 potions of heal wounds {unknown}
 j - 4 potions of might {unknown}
 m - a potion of stabbing {unknown}
 o - a potion of ambrosia {unknown}
Comestibles
 d - 16 rations


   Skills:
 - Level 1.0 Fighting
 - Level 1.0 Armour
 - Level 4.3 Dodging
 - Level 2.4 Stealth
 + Level 1.7 Shields
 * Level 9.0 Spellcasting
 + Level 4.5 Conjurations
 - Level 1.1 Summonings
 - Level 1.1 Translocations
 + Level 1.7 Fire Magic
 - Level 2.3 Air Magic
 - Level 1.0 Poison Magic
 - Level 1.1 Evocations


You had 14 spell levels left.
You knew the following spells:

 Your Spells              Type           Power        Failure   Level  Hunger
a - Magic Dart            Conj           ####         1%          1    None
b - Mephitic Cloud        Conj/Pois/Air  ####....     6%          3    None
c - Call Imp              Summ           ###.....     5%          2    None
d - Blink                 Tloc           N/A          5%          2    None
e - Conjure Flame         Conj/Fire      ####....     4%          3    None

Your spell library contained the following spells:

 Spells                   Type           Power        Failure   Level  Hunger
 Slow                     Hex            ##......     9%          2    None
 Gell's Gravitas          Tloc           ###.......   11%         3    None
 Confusing Touch          Hex            ##......     17%         3    None
 Petrify                  Tmut/Erth      ##......     50%         4    None
 Metabolic Englaciation   Hex/Ice        ##........   85%         5    ###....
 Yara's Violent Unravell  Hex/Tmut       ##........   85%         5    ###....


Dungeon Overview and Level Annotations

Branches:
Dungeon (6/15)             Temple (1/1) D:4

Altars:
Ashenzari
Cheibriados
Fedhas
Gozag
Kikubaaqudgha
Makhleb
Nemelex Xobeh
Okawaru
Qazlal
Ru
Sif Muna
Uskayaw
Vehumet
Wu Jian
Xom
Yredelemnul
Zin
The Shining One

Annotations:
D:5 3 runed translucent doors, pesado's ghost, novice DrCj


Message History

Press: ? - help, Shift-Dir - straight line, f/p - ogre
Aim: an ogre, wielding a +0 giant club (heavily wounded)
The magic dart hits the ogre.
The ogre is heavily wounded.
The hound barks!
Casting: Magic Dart (safe; 1% risk of failure)
Confirm with . or Enter, or press ? or * to list all spells.
Aiming: Magic Dart (safe; 1% risk of failure)
Press: ? - help, Shift-Dir - straight line, f/p - ogre
Aim: an ogre, wielding a +0 giant club (heavily wounded)
The magic dart hits the ogre!
The ogre is severely wounded.
The ogre hits you with a +0 giant club!!
Ouch! That really hurt!
Casting: Magic Dart (safe; 1% risk of failure)
Confirm with . or Enter, or press ? or * to list all spells.
You blink.
The hound misses you. The hound barely misses you.
The ogre hits you with a +0 giant club!!
Ouch! That really hurt!
You die...

?....
#######......
#.....'..%...
##.####...... .#
#.# ..... .. #.#
#### ## #.# #h#
######
#@########
#[....
#.O§.....#
#.####
#########.# #.#
#.........####.#
##.#####.......#
#.# #.####..#
#.# #.# #..# #.#
#.####..#
#.#####.......#


You could see an ogre and a hound.

Vanquished Creatures
  Grinder (D:3)
  Sigmund (D:4)
  2 bullfrogs (D:6)
  A scorpion (D:5)
  A crimson imp (D:5)
  A howler monkey (D:5)
  A quasit (D:6)
  A hound (D:3)
  2 jellies (D:6)
  A gnoll shaman (D:6)
  An iguana (D:5)
  Ijyb (D:3)
  A worker ant (D:4)
  2 hound zombies
  2 hound skeletons
  9 adders
  4 gnolls
  A howler monkey skeleton (D:6)
  An ooze (D:6)
  A worm (D:2)
  3 leopard geckos
  2 orcs
  3 giant cockroaches
  8 goblins
  5 hobgoblins
  4 jackals
  3 quokkas
  A ball python (D:2)
  3 bats
  9 frilled lizards
  9 kobolds
  2 leopard gecko skeletons
  7 rats
94 creatures vanquished.

Vanquished Creatures (collateral kills)
  A hobgoblin (D:3)
1 creature vanquished.

Grand Total: 95 creatures vanquished

Notes
Turn   | Place    | Note
-------+----------+-------------------------------------------
     0 | D:1      | pokeman the Deep Elf Wizard began the quest for the Orb.
     0 | D:1      | Reached XP level 1. HP: 10/10 MP: 7/7
   244 | D:1      | Reached XP level 2. HP: 8/16 MP: 1/9
   605 | D:1      | Reached skill level 5 in Spellcasting
   931 | D:1      | Reached XP level 3. HP: 20/20 MP: 4/11
   936 | D:1      | Learned a level 3 spell: Mephitic Cloud
   939 | D:1      | Learned a level 2 spell: Call Imp
   942 | D:1      | Learned a level 2 spell: Blink
   946 | D:1      | Learned a level 3 spell: Conjure Flame
  1245 | D:2      | Reached skill level 1 in Fighting
  1245 | D:2      | Reached skill level 1 in Armour
  1570 | D:2      | Reached XP level 4. HP: 15/25 MP: 5/13
  2380 | D:3      | Reached skill level 1 in Fire Magic
  2502 | D:3      | Noticed Grinder
  2505 | D:3      | Paralysed by Grinder for 7 turns
  2544 | D:3      | Paralysed by Grinder for 2 turns
  2548 | D:3      | Killed Grinder
  2548 | D:3      | Reached skill level 6 in Spellcasting
  2548 | D:3      | Reached skill level 1 in Air Magic
  2548 | D:3      | Reached XP level 5. HP: 14/29 MP: 3/16
  2548 | D:3      | Reached XP level 6. HP: 17/34 MP: 3/17
  2736 | D:3      | Found a faded altar of an unknown god.
  2953 | D:3      | Found an iron altar of Okawaru.
  3008 | D:3      | Noticed Ijyb
  3031 | D:3      | Killed Ijyb
  3088 | D:3      | Reached skill level 7 in Spellcasting
  3734 | D:4      | Noticed Sigmund
  3755 | D:4      | Killed Sigmund
  3755 | D:4      | Reached XP level 7. HP: 38/38 MP: 8/20
  3926 | D:4      | Found a staircase to the Ecumenical Temple.
  3934 | Temple   | Entered the Ecumenical Temple
  3978 | Temple   | Became a worshipper of Vehumet
  4132 | D:5      | Entered Level 5 of the Dungeon
  4214 | D:5      | Reached skill level 8 in Spellcasting
  4267 | D:5      | Found a runed translucent gate.
  4267 | D:5      | Found a runed translucent gate.
  4269 | D:5      | Found a runed translucent gate.
  4304 | D:5      | Noticed pesado's ghost (novice DrCj)
  4402 | D:5      | Reached skill level 1 in Poison Magic
  4904 | D:6      | Reached skill level 1 in Shields
  4955 | D:6      | Reached skill level 1 in Evocations
  5222 | D:6      | Reached XP level 8. HP: 37/43 MP: 15/22
  5277 | D:6      | Reached skill level 9 in Spellcasting
  5756 | D:6      | Slain by an ogre

Illustrated notes

Levels and vault maps discovered:
D:1:      roderic_dead_forest, layout_basic
D:2:      layout_basic
D:3:      layout_rooms, chequers_ecumenical_altar_simple_redux,
          kennysheep_okawaru_gauntlet, uniq_grinder, uniq_ijyb
D:4:      layout_rooms, minmay_temple_entry_large_hall, first_ration,
          moated_statue, st_stairs_4, uniq_sigmund
D:5:      layout_rooms, gammafunk_ghost_icy
D:6:      layout_basic
Temple:   nicolae_temple_the_god_donut

Skill      XL: |  1  2  3  4  5  6  7  8 |
---------------+-------------------------+-----
Spellcasting   | 5 6 7 8 9 |  9.0
Fighting       | 1 |  1.0
Armour         | 1 |  1.0
Conjurations   | 2 3 4 |  4.5
Fire Magic     | 1 |  1.7
Dodging        | 3 4 |  4.3
Air Magic      | 1 2 |  2.3
Poison Magic   | 1 |  1.0
Shields        | 1 |  1.7
Evocations     | 1 |  1.1
Stealth        | |  2.4
Summonings     | |  1.1
Translocations | |  1.1

Action                   |  1- 3 |  4- 6 |  7- 9 || total
-------------------------+-------+-------+-------++-------
Melee: Dagger            |    10 |     6 |    10 ||    26
 Cast: Magic Dart        |    81 |    71 |    90 ||   242
       Call Imp          |       |     3 |       ||     3
       Blink             |       |    10 |     1 ||    11
       Conjure Flame     |       |     3 |     5 ||     8
       Mephitic Cloud    |       |     2 |     2 ||     4
 Stab: Confused          |       |       |     1 ||     1
  Eat: Chunk             |     2 |     6 |     6 ||    14
Armor: Robe              |     2 |       |       ||     2
       Leather armour    |       |       |     5 ||     5
Dodge: Dodged            |    33 |    11 |    31 ||    75
